 Dungeon Crawl Stone Soup version 0.31-a0-963-ga325b2283a (webtiles) character file.

Game seed: 9345655251378583490

174106 Arzdou the Slayer (level 18, -2/132 HPs)
             Began as a Gargoyle Monk on Oct 25, 2023.
             Was a High Priest of Okawaru.
             Slain by a wolf spider (6 damage)
             ... on level 3 of the Spider Nest.
             The game lasted 01:17:37 (39973 turns).

Arzdou the Slayer (Gargoyle Monk)                  Turns: 39973, Time: 01:17:39

Health: -2/132     AC: 43    Str: 26    XL:     18   Next: 6%
Magic:  27/27      EV:  6    Int: 15    God:    Okawaru [*****.]
Gold:   2095       SH:  0    Dex: 12    Spells: 17/17 levels left

rFire   + . .        U - +7 lajatang (elec)
rCold   + + .        (shield currently unavailable)
rNeg    + + .        O - +2 gold dragon scales
rPois   ∞            a - +2 hat "Gox Vaix" {Contam rN+ Str+4 Int+3}
rElec   +            d - +1 cloak
rCorr   .            L - +0 pair of gloves
SInv    .            J - +2 pair of boots
Will    ++...        v - amulet of reflection Stlth
                     c - +4 ring of slaying
HPRegen 0.42/turn    g - ring of willpower
MPRegen 0.20/turn

%: reflection
@: confused, mighty, flying, hasted, glowing, very quick
A: sickness immunity, AC +13, big wings, negative energy resistance 1,
electricity resistance, torment resistance 1, petrification resistance,
camouflage 1, cold resistance 1
a: Renounce Religion, Heroism, Finesse, Duel


You were on level 3 of the Spider Nest.
You worshipped Okawaru.
Okawaru was extremely pleased with you.
You visited 6 branches of the dungeon, and saw 30 of its levels.
You also visited: Gauntlet, Ice Cave and Volcano.

You collected 3896 gold pieces.
You spent 1801 gold pieces at shops.

Inventory:

Hand Weapons
 A - a +1 hand cannon of draining
 T - a -1 demon whip of venom
 U - a +7 lajatang of electrocution (weapon)
Missiles
 e - 21 silver javelins (quivered)
 s - 2 throwing nets
Armour
 a - the +2 hat "Gox Vaix" (worn) {Contam rN+ Str+4 Int+3}
   (You acquired it on level 12 of the Dungeon)

   Str+4:     It affects your strength (+4).
   Int+3:     It affects your intelligence (+3).
   rN+:       It protects you from negative energy.
   Contam:    It causes magical contamination when unequipped.
 d - a +1 cloak (worn)
 E - a +0 crystal plate armour of cold resistance
 J - a +2 pair of boots (worn)
 L - a +0 pair of gloves (worn)
 O - +2 gold dragon scales (worn)
 V - the +5 kite shield of Fuulyt {+Blink rPois Will+}
   (Okawaru gifted it to you on level 5 of the Lair of Beasts)

   rPois:     It protects you from poison Will+: It increases your willpower.
   +Blink:    It lets you blink.
Jewellery
 c - a +4 ring of slaying (left hand)
 g - a ring of willpower (right hand)
 i - a +6 ring of strength
 v - an amulet of reflection (around neck)
 z - a ring of see invisible
 I - the ring "Lum Zicze" {rF+ rC+ Str+4 Int+2 Dex-5}
   (You found it on level 1 of the Lair of Beasts)

   [ring of protection from cold]

   Str+4:     It affects your strength (+4).
   Int+2:     It affects your intelligence (+2).
   Dex-5:     It affects your dexterity (-5).
   rF+:       It protects you from fire.
   rC+:       It protects you from cold.
 X - a +4 ring of protection
 Y - a ring of protection from cold
Wands
 u - a wand of paralysis (32)
 y - a wand of roots (19)
 D - a wand of digging (20)
 K - a wand of light (19)
 M - a wand of polymorph (13)
 R - a wand of flame (22)
 Z - a wand of mindburst (12)
Scrolls
 f - 3 scrolls of fog
 l - 3 scrolls of revelation
 o - 9 scrolls of teleportation
 r - 4 scrolls of noise
 t - 7 scrolls of amnesia
 w - 5 scrolls of vulnerability
 x - 8 scrolls of fear
 N - a scroll of immolation
 Q - 3 scrolls of poison
 W - 5 scrolls of identify
Potions
 b - 3 potions of magic
 h - 6 potions of lignification
 j - a potion of cancellation
 m - 4 potions of mutation
 n - 3 potions of enlightenment
 p - 4 potions of berserk rage
 q - 5 potions of attraction
 C - 2 potions of haste
 F - 3 potions of degeneration
 G - 2 potions of resistance
 H - a potion of brilliance
 P - a potion of ambrosia


   Skills:
 - Level 21.0 Fighting
 - Level 12.0(14.0) Maces & Flails
 - Level 11.9(14.0) Staves
 - Level 11.2 Throwing
 + Level 12.1 Armour
 - Level 2.4 Dodging
 - Level 5.9 Shields
 - Level 12.4 Invocations


You had 17 spell levels left.
You didn't know any spells.
Your spell library contained the following spells:

 Spells                   Type           Power      Damage    Failure   Level
 Freeze                   Ice            0%         1d3       100%        1
 Kiss of Death            Conj/Necr      0%         2d5       100%        1
 Shock                    Conj/Air       0%         1d3       100%        1
 Momentum Strike          Conj/Tloc      0%         3d8       100%        2
 Static Discharge         Conj/Air       0%         3-3/arc   100%        2
 Frozen Ramparts          Ice            0%         1d1       100%        3
 Hailstorm                Conj/Ice       0%         3d3       100%        3
 Ozocubu's Armour         Ice            0%         N/A       100%        3
 Swiftness                Air            0%         N/A       100%        3
 Airstrike                Air            0%         2d(0-16)  100%        4
 Leda's Liquefaction      Hex/Erth       0%         N/A       100%        4
 Passage of Golubria      Tloc           0%         N/A       100%        4
 Petrify                  Tmut/Erth      0%         N/A       100%        4
 Borgnjor's Vile Clutch   Necr/Erth      0%         N/A       100%        5
 Freezing Cloud           Conj/Ice/Air   0%         6-21      100%        5
 Irradiate                Conj/Tmut      0%         3d11      100%        5
 Lee's Rapid Deconstruct  Erth           0%         3d4*      100%        5
 Metabolic Englaciation   Hex/Ice        0%         N/A       100%        5
 Yara's Violent Unravell  Hex/Tmut       0%         3d3       100%        5
 Bombard                  Conj/Erth      0%         9d1       100%        6
 Orb of Destruction       Conj           0%         9d5       100%        7
 Sublimation of Blood     Necr           Unusable   N/A       N/A         2
 Summon Guardian Golem    Hex/Summ       Unusable   N/A       N/A         3
 Tukima's Dance           Hex            Unusable   N/A       N/A         3
 Animate Dead             Necr           Unusable   N/A       N/A         4
 Summon Lightning Spire   Summ/Air       Unusable   N/A       N/A         4
 Summon Forest            Summ/Tloc      Unusable   N/A       N/A         5
 Summon Mana Viper        Hex/Summ       Unusable   N/A       N/A         5
 Death Channel            Necr           Unusable   N/A       N/A         6
 Simulacrum               Ice/Necr       Unusable   N/A       N/A         6
 Spellforged Servitor     Conj/Summ      Unusable   N/A       N/A         7
 Infestation              Necr           Unusable   N/A       N/A         8

Dungeon Overview and Level Annotations

Branches:
Dungeon (15/15)            Temple (1/1) D:4            Lair (5/5) D:9
  Swamp (4/4) Lair:2       Spider (3/4) Lair:2        Slime (0/5) Lair:5
    Orc (2/2) D:9             Elf (0/3) Orc:2        Vaults (0/5) D:13
 Depths (0/4) D:15          IceCv (visited)         Volcano (visited)
Gauntlet (visited)

Altars:
Ashenzari
Cheibriados
Dithmenos
Elyvilon
Fedhas
Gozag
Hepliaklqana
Kikubaaqudgha
Makhleb
Nemelex Xobeh
Okawaru
Qazlal
Ru
Sif Muna
Trog
Uskayaw
Vehumet
Wu Jian
Xom
Yredelemnul
Zin
The Shining One
Jiyva

Shops:
D:6 (*   D:7 *   Orc:2 *=*[(

Portals:
Trove: D:12 (give 15 scrolls of teleportation)


Innate Abilities, Weirdness & Mutations

You are immune to sickness and miasma.
Your stone body is resilient. (AC +13)
You are immune to poison.
Your large and strong wings let you fly.
You resist negative energy. (rN+)
You are resistant to electric shocks. (rElec)
You are resistant to unholy torment.
You are immune to petrification.
Your skin changes colour to match your surroundings (Stealth+).
Your flesh is cold resistant. (rC+)


Message History

The wolf spider bites you.
* * * LOW HITPOINT WARNING * * *
The tarantella touches you but does no damage. x2
The wolf spider hits you but does no damage.
The wolf spider bites you but does no damage.
The tarantella touches you!
* * * LOW HITPOINT WARNING * * *
You are more confused.
The tarantella closely misses you. x2
Unknown command.
You feel yourself speed up.
The tarantella touches you but does no damage.
The wolf spider hits you.
* * * LOW HITPOINT WARNING * * *
The wolf spider bites you but does no damage.
The tarantella touches you but does no damage.
The tarantella barely misses you. The wolf spider barely misses you.
The wolf spider bites you but does no damage.
The moth of wrath goads the tarantella on!
The tarantella goes berserk!
The tarantella touches you but does no damage.
The tarantella touches you.
* * * LOW HITPOINT WARNING * * *
The wolf spider hits you but does no damage.
The wolf spider bites you but does no damage.
Okay, then.
You slice the tarantella!!
The tarantella is almost dead.
The tarantella touches you but does no damage. x2
The wolf spider hits you.
* * * LOW HITPOINT WARNING * * *
The wolf spider bites you but does no damage.
Unknown command.
You carve the tarantella like a ham!!!
The tarantella is almost dead.
You hear a skittering sound.
The tarantella touches you but does no damage. x2
The wolf spider hits you but does no damage.
The wolf spider bites you.
You die...

#..#...#..^..#
##......#..####
#####^#..####### #
#......#...# ##[
#.....#^..## #^.s
##.....#.^## ...s.
#.ss^#....#
$....^##ssy##...##
)....^ssys@###..#
∩^.s...sss## ##..#
.÷.######## #..# .
..^# ^###


You could see a sun moth, a wolf spider (berserk), a moth of wrath, an orb
spider, a culicivora, 4 jumping spiders and 4 tarantellas.

Vanquished Creatures
  Mlioglotl (Swamp:2)
  A lich (IceCv)
  Kirke (Arena)
  Aizul (Swamp:1)
  A tengu reaver (D:13)
  2 emperor scorpions
  An orc warlord (Orc:2)
  2 broodmothers
  Nessos (Orc:2)
  2 vampire knights (D:14)
  8 eleionomae
  A minotaur (Gauntlet)
  A spark wasp (Lair:2)
  9 bunyips
  Snorg (Lair:4)
  A fire dragon (Lair:5)
  Josephine (Lair:4)
  2 rakshasas
  An ogre mage (D:15)
  Harold (Lair:2)
  4 catoblepae
  Erolcha (Orc:1)
  14 hydras
  A radroach (shapeshifter) (D:13)
  2 alligators (Swamp:1)
  Erica (D:8)
  2 ghost crabs
  6 boulder beetles
  2 centaur warriors (D:14)
  8 two-headed ogres
  2 tengu warriors
  A demonic crawler (Lair:2)
  The ghost of Vorhees the Thaumaturge, a journeyman DEAE of Gozag (Lair:1)
  6 orc high priests
  Urug (Lair:1)
  A deep elf knight (D:13)
  2 pharaoh ants
  2 fire crabs
  A skyshark (Lair:4)
  Amaemon (Lair:3)
  4 goliath frogs
  3 skeletal warriors (D:14)
  4 spriggan druids
  Lodul (D:9)
  An orb spider (Spider:3)
  5 bog bodies
  An obsidian statue (IceCv)
  An orange crystal statue (Gauntlet)
  3 lindwurms
  2 deep elf archers
  A spriggan simulacrum (IceCv)
  4 swamp dragons
  5 orc knights
  Pikel (D:8)
  4 deep elf zephyrmancers
  9 deep elf pyromancers
  2 necromancers
  5 orc sorcerers
  2 ugly things
  5 wolf spiders
  5 cyclopes
  2 manticores (Lair:5)
  3 will-o-the-wisps
  An ice statue (Swamp:4)
  A moth of wrath (Spider:2)
  13 elephants
  Maurice (D:11)
  13 cane toads
  8 torpor snails
  7 black mambas
  An orange demon (Lair:3)
  2 centaur zombies (D:15)
  3 gargoyles
  Jeremiah (D:8)
  A centaur skeleton (D:15)
  An unseen horror (D:13)
  3 rime drakes
  3 efreet
  An ice devil (IceCv)
  20 freezing wraiths (IceCv)
  10 komodo dragons
  2 anaconda simulacra (IceCv)
  2 golden dragon simulacra (IceCv)
  5 trolls
  A queen bee (shapeshifter) (D:15)
  A meliai (Spider:2)
  6 tarantellas
  2 alligator simulacra (IceCv)
  8 hornets
  6 tyrant leeches
  14 dream sheep
  4 polar bears
  9 blink frogs
  A meliai zombie (D:15)
  4 jumping spiders
  12 slime creatures
  4 shadows
  7 culicivoras
  A centaur simulacrum (D:15)
  11 spriggans
  5 vampires
  5 wyverns
  9 wraiths
  Eustachio (D:5)
  6 hogs (Swamp:2)
  3 fire elementals (Volcano)
  5 dire elephant simulacra (IceCv)
  7 basilisks
  4 fire bats (Gauntlet)
  A human (Swamp:2)
  46 yaks
  2 minotaur simulacra (IceCv)
  10 redbacks
  25 vampire mosquitoes
  A harpy simulacrum (IceCv)
  3 steam dragons (Lair:5)
  An acid dragon (Lair:5)
  18 swamp worms
  2 hydra simulacra (IceCv)
  5 hell hounds (Volcano)
  13 water moccasins
  5 ice beasts
  A sky beast (D:6)
  A black bear (D:5)
  30 orc warriors
  2 swamp drakes (Lair:5)
  14 centaurs
  12 wolves
  15 ogres
  A phantom (D:6)
  2 kobold brigands
  7 bullfrogs
  2 gnoll sergeants
  4 scorpions
  2 deep troll simulacra (IceCv)
  12 wights
  3 lindwurm simulacra (IceCv)
  3 killer bees (D:10)
  The ghost of disskorpion the Slasher, a weakling DsGl (D:3)
  6 howler monkeys
  4 electric eels
  21 orc priests
  5 hounds
  8 jellies
  2 gnoll boudas
  3 sleepcaps
  21 orc wizards
  3 iguanas (Lair:5)
  A hell rat (Lair:5)
  Robin (D:2)
  8 adders
  21 gnolls
  A white imp (D:8)
  4 ufetubi (D:6)
  6 worms
  2 dart slugs
  68 orcs
  9 ball pythons
  10 endoplasms
  10 giant cockroaches
  18 goblins
  14 hobgoblins
  13 kobolds
  3 quokkas
  6 bats
  7 rats
925 creatures vanquished.

Vanquished Creatures (others)
  An eleionoma (Swamp:2)
  A bog body (IceCv)
  A deep elf pyromancer (Volcano)
  An ice statue (Swamp:4)
  4 bloated husks
  A spriggan (Swamp:2)
  2 orc wizards (Orc:2)
  2 orcs
  10 foxfires
23 creatures vanquished.

Grand Total: 948 creatures vanquished

Notes
Turn   | Place    | Note
-------+----------+-------------------------------------------
     0 | D:1      | Arzdou the Gargoyle Monk began the quest for the Orb.
     0 | D:1      | Reached XP level 1. HP: 14/14 MP: 1/1
    45 | D:1      | Reached XP level 2. HP: 9/19 MP: 2/2
   109 | D:1      | Found a faded altar of an unknown god.
   236 | D:1      | Reached XP level 3. HP: 19/23 MP: 3/3
   872 | D:2      | Reached XP level 4. HP: 16/28 MP: 4/4
  1068 | D:2      | Reached skill level 5 in Maces & Flails
  1706 | D:3      | Reached XP level 5. HP: 30/32 MP: 5/5
  1785 | D:3      | Noticed disskorpion's ghost (weakling DsGl)
  1786 | D:3      | Noticed a water moccasin
  1802 | D:3      | Found a runed translucent gate.
  1803 | D:3      | Found a runed translucent gate.
  1804 | D:3      | Found a runed translucent gate.
  1810 | D:3      | Noticed a water moccasin
  1925 | D:3      | Found a radiant altar of Vehumet.
  1931 | D:3      | Noticed Robin
  2057 | D:2      | Killed Robin
  2828 | D:4      | Found a staircase to the Ecumenical Temple.
  2850 | D:4      | Reached XP level 6. HP: 21/37 MP: 6/6
  3143 | Temple   | Entered the Ecumenical Temple
  3573 | D:4      | Reached XP level 7. HP: 14/41 MP: 7/7
  3886 | D:5      | Entered Level 5 of the Dungeon
  3896 | D:5      | Found a hide-covered altar of Uskayaw.
  3965 | D:5      | Reached skill level 4 in Fighting
  4053 | D:5      | Found a shadowy altar of Dithmenos.
  4165 | D:5      | Reached skill level 5 in Fighting
  4549 | D:5      | Found a shimmering blue altar of Sif Muna.
  4650 | D:5      | Reached skill level 6 in Fighting
  4650 | D:5      | Reached XP level 8. HP: 26/51 MP: 8/8
  4798 | D:5      | Noticed Eustachio
  4812 | D:5      | Killed Eustachio
  4830 | D:5      | Reached skill level 7 in Fighting
  4931 | D:5      | You fall into a shaft and drop 3 floors!
  4948 | D:8      | Found an iron altar of Okawaru.
  4949 | D:8      | Noticed Jeremiah
  5015 | D:8      | Found a burning altar of Makhleb.
  5042 | D:8      | Became a worshipper of Warmaster Okawaru
  5042 | D:8      | Reached * piety under Okawaru
  5042 | D:8      | Reached ** piety under Okawaru
  5102 | D:8      | Reached skill level 8 in Fighting
  5384 | D:7      | Reached skill level 9 in Fighting
  5426 | D:7      | Found an ornate altar of the Wu Jian Council.
  5432 | D:7      | Reached XP level 9. HP: 51/62 MP: 9/9
  5438 | D:7      | Reached skill level 10 in Fighting
  5647 | D:7      | Reached *** piety under Okawaru
  5659 | D:7      | Reached skill level 11 in Fighting
  6203 | D:5      | Found a basalt altar of Yredelemnul.
  6608 | D:6      | Found Xaelu's Lightly-Used Armoury.
  6612 | D:6      | Bought a -1 demon whip for 120 gold pieces
  6786 | D:6      | Reached skill level 12 in Fighting
  6973 | D:6      | Found Weemiarr's Firing Range.
  7180 | D:7      | Identified the +2 leather armour of Analysis {Str+2}
  7298 | D:7      | Found Yreifeg's CLEARANCE SALE!.
  7338 | D:7      | Bought a scroll of identify for 6 gold pieces
  7633 | D:7      | Found an opulent altar of Gozag.
  7633 | D:7      | Found a glowing silver altar of Zin.
  7702 | D:8      | Noticed Erica
  7711 | D:8      | Noticed Pikel
  7720 | D:8      | Killed Erica
  7720 | D:8      | Reached **** piety under Okawaru
  7721 | D:8      | Reached skill level 13 in Fighting
  7721 | D:8      | Reached XP level 10. HP: 47/73 MP: 8/10
  7729 | D:8      | Killed Pikel
  7855 | D:8      | Reached skill level 14 in Fighting
  7871 | D:8      | Reached ***** piety under Okawaru
  8141 | D:8      | Killed Jeremiah
  8214 | D:8      | Found a hazy altar of Hepliaklqana.
  8483 | D:9      | Found a stormy altar of Qazlal.
  8649 | D:9      | Reached skill level 15 in Fighting
  8998 | D:9      | Received a gift from Okawaru
  9020 | D:9      | Reached XP level 11. HP: 68/81 MP: 11/11
  9074 | D:9      | Found a staircase to the Lair.
  9633 | D:9      | Found a staircase to the Orcish Mines.
  9808 | D:10     | Entered Level 10 of the Dungeon
  9907 | D:10     | Identified the ring "Roq Hycs" {rPois Int+6}
  9912 | D:10     | Found a snail-covered altar of Cheibriados.
  9948 | D:10     | Reached skill level 10 in Maces & Flails
 10550 | D:10     | Noticed Lodul
 10573 | D:10     | Reached skill level 1 in Invocations
 10596 | D:9      | Killed Lodul
 10933 | D:10     | Found a broken altar of Ashenzari.
 10985 | D:10     | Found a broken altar of Ashenzari.
 11094 | D:10     | Found a snail-covered altar of Cheibriados.
 11436 | Lair:1   | Entered Level 1 of the Lair of Beasts
 11768 | Lair:1   | Received a gift from Okawaru
 11888 | Lair:1   | Reached skill level 5 in Invocations
 11921 | Lair:1   | Reached XP level 12. HP: 10/88 MP: 16/16
 13018 | Lair:1   | Received a gift from Okawaru
 13196 | Lair:1   | Noticed Urug
 13210 | Lair:1   | Killed Urug
 13224 | Lair:1   | Found a runed translucent door.
 13225 | Lair:1   | Noticed Vorhees's ghost (journeyman DEAE)
 13262 | Lair:1   | Killed Vorhees's ghost
 13263 | Lair:1   | Reached skill level 10 in Invocations
 13263 | Lair:1   | Identified the ring "Lum Zicze" {rF+ rC+ Str+4 Int+2 Dex-5}
 13441 | Lair:2   | Noticed a catoblepas
 13992 | Lair:2   | Found a hole to the Spider Nest.
 14125 | Lair:2   | Noticed a four-headed hydra
 14135 | Lair:2   | Killed a four-headed hydra
 14390 | Lair:2   | Reached skill level 1 in Armour
 14399 | Lair:2   | Reached XP level 13. HP: 70/92 MP: 22/22
 14419 | Lair:2   | Received a gift from Okawaru
 14673 | Lair:2   | Found a staircase to the Swamp.
 14822 | Lair:2   | Reached skill level 5 in Armour
 14822 | Lair:2   | Noticed Harold
 14834 | Lair:2   | Killed Harold
 15149 | Gauntlet | Identified the "Orupp"
 15161 | Lair:3   | Found a gate leading to a gauntlet.
 15185 | Gauntlet | Entered a Gauntlet
 15185 | Gauntlet | Found a transporter.
 15195 | Gauntlet | Found a transporter.
 15210 | Gauntlet | Found a transporter.
 15215 | Gauntlet | Found a transporter.
 15230 | Gauntlet | Found a transporter.
 15249 | Gauntlet | Found a transporter.
 15265 | Gauntlet | Found a transporter.
 15277 | Gauntlet | Found a transporter.
 15289 | Gauntlet | Found a transporter.
 15301 | Gauntlet | Found a transporter.
 15318 | Gauntlet | Found a transporter.
 15335 | Gauntlet | Found a transporter.
 15337 | Gauntlet | Found a transporter.
 15469 | Gauntlet | Found a transporter.
 15471 | Gauntlet | Found a transporter.
 15473 | Gauntlet | Found a transporter.
 15501 | Gauntlet | Found a transporter.
 15503 | Gauntlet | Found a transporter.
 16119 | Gauntlet | Identified the ring of the King {Str+3 Int+6 Dex+6}
 16130 | Gauntlet | Noticed a minotaur
 16149 | Gauntlet | Killed a minotaur
 16624 | Gauntlet | Identified the +1 robe of Deowysee {Slay+3}
 16627 | Gauntlet | Identified the +0 hat of Xom's Respect {rF+ Regen+}
 16627 | Gauntlet | Identified the +7 war axe of Sunlight {protect, rPois Str+3
                  | SInv}
 16973 | Lair:3   | Noticed Amaemon
 16982 | Lair:3   | Killed Amaemon
 17445 | Lair:3   | Reached skill level 10 in Armour
 17625 | Lair:3   | Received a gift from Okawaru
 17637 | Lair:3   | Reached skill level 16 in Fighting
 18230 | Lair:4   | Gained mutation: Your large and strong wings let you fly.
                  | [Gargoyle growth]
 18230 | Lair:4   | Reached XP level 14. HP: 86/100 MP: 23/23
 18298 | Lair:4   | Noticed Josephine
 18313 | Lair:4   | Killed Josephine
 18330 | Lair:4   | Reached skill level 17 in Fighting
 18362 | Lair:4   | Found a dark tunnel.
 18371 | Volcano  | Entered a volcano
 18522 | Volcano  | Received a gift from Okawaru
 18633 | Volcano  | Reached skill level 1 in Throwing
 19040 | Lair:4   | Noticed Snorg
 19054 | Lair:4   | Killed Snorg
 19644 | Lair:5   | Entered Level 5 of the Lair of Beasts
 19655 | Lair:5   | Received a gift from Okawaru
 20112 | Lair:5   | Reached skill level 18 in Fighting
 20307 | Lair:5   | Found a staircase to the Slime Pits.
 20348 | Lair:5   | Reached skill level 5 in Throwing
 20564 | Lair:5   | Found a viscous altar of Jiyva.
 20721 | Lair:5   | Reached ****** piety under Okawaru
 20760 | Lair:5   | Acquired a +2 lajatang of electrocution
 20760 | Lair:5   | Received a gift from Okawaru
 20796 | Lair:5   | Reached skill level 1 in Staves
 20796 | Lair:5   | Acquired the +5 kite shield of Fuulyt {+Blink rPois Will+}
 20796 | Lair:5   | Received a gift from Okawaru
 20834 | Lair:5   | Received a gift from Okawaru
 20854 | Lair:5   | Reached skill level 1 in Shields
 21402 | Lair:5   | Reached XP level 15. HP: 106/108 MP: 24/24
 21623 | Lair:5   | Received a gift from Okawaru
 22015 | Orc:1    | Entered Level 1 of the Orcish Mines
 22046 | Orc:1    | Noticed Erolcha
 22097 | Orc:1    | Reached skill level 5 in Staves
 22110 | Orc:1    | Killed Erolcha
 22408 | Orc:1    | You are sucked into a shaft and drop 1 floor!
 22408 | Orc:2    | Entered Level 2 of the Orcish Mines
 22851 | Orc:2    | Noticed Nessos
 22918 | Orc:2    | Killed Nessos
 23130 | Arena    | Entered the Arena
 23498 | Orc:2    | Found a staircase to the Elven Halls.
 23572 | Orc:1    | Reached skill level 5 in Shields
 23893 | Orc:2    | Noticed an orc warlord
 24194 | Orc:2    | Killed an orc warlord
 24845 | Orc:2    | Found Hizaazug's Assorted Antiques.
 24962 | Orc:2    | Found Mywkujiske's General Store.
 24963 | Orc:2    | Found Hodeekhlo's Jewellery Shoppe.
 24965 | Orc:2    | Found Voukof's Antique Armour Shoppe.
 24965 | Orc:2    | Found Yguisuu's Antique Weapon Emporium.
 24980 | Orc:2    | Bought a scroll of blinking for 105 gold pieces
 24997 | Orc:2    | Received a gift from Okawaru
 25090 | Orc:2    | Bought a +4 ring of slaying for 1248 gold pieces
 25391 | D:11     | Noticed Maurice
 25438 | D:11     | Something stole a +4 ring of slaying
 25443 | D:11     | Something stole 21 silver javelins
 25470 | D:11     | Killed Maurice
 26490 | D:12     | Found a portal to a secret trove of treasure.
 26547 | D:12     | Identified a scroll of acquirement
 26547 | D:12     | Acquired the +2 hat "Gox Vaix" {Contam rN+ Str+4 Int+3}
 26706 | D:12     | Reached skill level 10 in Staves
 27208 | D:13     | Received a gift from Okawaru
 27657 | D:13     | Reached XP level 16. HP: 27/114 MP: 25/25
 27667 | D:13     | Gained mutation: You occasionally lose the ability to read
                  | scrolls when taking damage. [mutagenic glow]
 27883 | D:13     | Lost mutation: You occasionally lose the ability to read
                  | scrolls when taking damage. [potion of mutation]
 27883 | D:13     | Gained mutation: You have sharp fingernails. [potion of
                  | mutation]
 27883 | D:13     | Gained mutation: You are vulnerable to cold. (rC-) [potion
                  | of mutation]
 27883 | D:13     | Lost mutation: You have sharp fingernails. [potion of
                  | mutation]
 27884 | D:13     | Lost mutation: You are vulnerable to cold. (rC-) [potion of
                  | mutation]
 27884 | D:13     | Gained mutation: Your skin changes colour to match your
                  | surroundings (Stealth+). [potion of mutation]
 27884 | D:13     | Gained mutation: Your flesh is cold resistant. (rC+)
                  | [potion of mutation]
 27917 | D:13     | Found a broken altar of Ashenzari.
 28311 | D:13     | Found a gate to the Vaults.
 28312 | D:13     | Noticed a tengu reaver
 28337 | D:13     | Killed a tengu reaver
 28713 | D:14     | Paralysed by a vampire knight for 5 turns
 29252 | D:14     | Found the +8 Vampire's Tooth {megavamp}
 30579 | D:15     | Entered Level 15 of the Dungeon
 30711 | D:15     | Received a gift from Okawaru
 31002 | D:15     | Found a blossoming altar of Fedhas.
 31318 | Arena    | Entered the Arena
 31573 | D:15     | Found a staircase to the Depths.
 31759 | D:3      | Killed disskorpion's ghost
 31928 | Spider:1 | Identified the "Ojoipt"
 31928 | Swamp:1  | Entered Level 1 of the Swamp
 32257 | Arena    | Entered the Arena
 32290 | Swamp:1  | Received a gift from Okawaru
 32294 | Swamp:1  | Reached skill level 10 in Throwing
 33265 | Swamp:1  | Received a gift from Okawaru
 33662 | Swamp:2  | Identified the serpent talisman of the Comet {rElec Dex-4
                  | Stlth+}
 33662 | Swamp:2  | Noticed Aizul
 33673 | Swamp:1  | Killed Aizul
 33674 | Swamp:1  | Reached XP level 17. HP: 85/120 MP: 26/26
 34243 | Swamp:2  | Noticed Kirke
 34263 | Arena    | Entered the Arena
 34270 | Arena    | Killed Kirke
 34313 | Swamp:2  | Reached skill level 19 in Fighting
 34614 | Swamp:2  | Noticed Mlioglotl
 34639 | Swamp:2  | Killed Mlioglotl
 34796 | Arena    | Entered the Arena
 35261 | Orc:2    | Bought a scroll of enchant armour for 217 gold pieces
 35288 | Orc:2    | Bought a scroll of enchant weapon for 105 gold pieces
 36227 | IceCv    | Identified the "Yvvesu"
 36227 | Swamp:4  | Entered Level 4 of the Swamp
 36246 | Swamp:4  | Found a frozen archway.
 36278 | IceCv    | Entered an ice cave
 36519 | IceCv    | Reached skill level 20 in Fighting
 36726 | IceCv    | Noticed a lich
 36757 | IceCv    | Killed a lich
 37601 | IceCv    | Found an ancient bone altar of Kikubaaqudgha.
 37917 | Swamp:4  | Reached skill level 21 in Fighting
 38417 | Spider:1 | Entered Level 1 of the Spider Nest
 38646 | Arena    | Entered the Arena
 39534 | Spider:2 | Reached XP level 18. HP: 83/132 MP: 27/27
 39972 | Spider:3 | HP: 4/132 [wolf spider (5)]
 39973 | Spider:3 | Slain by a wolf spider

Illustrated notes

Levels and vault maps discovered:
D:1:      eino_arrival_druids_welcome, layout_rooms,
          hellmonk_ecumenical_altar_defaced_shrine, minmay_tetromino_s2
D:2:      layout_loops_ring, kennysheep_another_room
D:3:      layout_loops_corners, nicolae_vehumet_altar_sigil,
          gammafunk_ghost_split, uniq_robin
D:4:      layout_basic, minmay_temple_entry_mini_moons
D:5:      layout_basic, nicolae_overflow_hidden_temple,
          mainiacjoe_overflow_tiny_flanked, lemuel_coloured_pillars_altar,
          mainiacjoe_overflow_surrounded_room, uniq_eustachio
D:6:      layout_gridville, minmay_shop_damaged, nicolae_shop_firing_range
D:7:      layout_basic, grunt_temple_overflow_gold_and_silver,
          nzn_wu_jian_council_hall, nicolae_shop_clearance
D:8:      layout_basic, pf_just_have_faith, mainiacjoe_overflow_catwalk_spiral,
          uniq_erica, uniq_jeremiah, uniq_pikel
D:9:      layout_roguey, nicolae_qazlal_general_emergency,
          hellmonk_lair_entry_icy, david_orc_4, serial_corexii_hall,
          corexii_hall_statues_deadend, chequers_hall_statues_y, hive_lemuel
D:10:     layout_big_octagon, nicolae_overflow_crystal_walls,
          mainiacjoe_overflow_chevrons, dk_noncrumbling_2, uniq_lodul
D:11:     layout_roguey, uniq_maurice
D:12:     layout_roguey, enter_trove_0
D:13:     layout_stronghold, hellmonk_vaults_attempted_burglary,
          nicolae_ashenzari_skybound
D:14:     layout_layer_cave, nicolae_zig_zag_zippers,
          minmay_guarded_unrand_vampires_tooth
D:15:     grunt_enter_depths_magical_seal, layout_basic, fedhas_altar_3
Temple:   hellmonk_temple_micro_hex
Lair:1:   kb_forest_paths, layout_regular_city, gammafunk_ghost_grave, uniq_urug
Lair:2:   layout_hall_layers, swamp_mist_pool, nicolae_spider_entry_non_spiders,
          grunt_megastairs_2, serial_bayou_shore_b, uniq_harold
Lair:3:   layout_hall_layers, gauntlet_entry_generic, grunt_megastairs_1,
          infiniplex_staircase_pool_2, serial_bayou_shore_a,
          lemuel_fruit_fields, uniq_amaemon
Lair:4:   layout_roguey, nicolae_volcano_entry_vermiform,
          pdpol_lair_neglected_garden, st_stairs_12, serial_bayou_shore_b,
          uniq_josephine, uniq_snorg
Lair:5:   guppyfry_lair_end_dragon, layout_cave_pods, hangedman_lair_in_review,
          nicolae_slime_entry_field_trip
Swamp:1:  layout_falls_marsh, evilmike_swamp_ruin_house_3,
          infiniplex_staircase_pool
Swamp:2:  layout_basic_swamp, evilmike_swamp_ruin_house_4, uniq_aizul,
          uniq_mlioglotl, uniq_kirke
Swamp:3:  layout_basic_swamp, serial_swamp_ruin, evilmike_swamp_ruin_rubble_2,
          evilmike_swamp_ruin_house_6, hangedman_swamp_ruin_hall
Swamp:4:  swamp_basic_johnstein, layout_basic_swamp,
          portal_ice_cave_entry_ice_statue_two
Spider:1: layout_chambers, worms_lemuel
Spider:2: layout_spider_delve
Spider:3: nicolae_spider_mines_3, special_room, nicolae_spider_rock_and_or_roll,
          uniq_agnes
Orc:1:    layout_caves, basic_altar, uniq_erolcha
Orc:2:    st_orc_congregation, layout_caves, serial_shops, shop, basic_altar,
          nicolae_orc_stony_grotto, uniq_nessos

Skill      XL: |  1  2  3  4  5  6  7  8  9 10 11 12 13 14 15 16 17 18 |
---------------+-------------------------------------------------------+-----
Maces & Flails | 4 5 6 7 8 9 12 | 12.0
Fighting       | 6 9 13 15 16 18 21 | 21.0
Invocations    | 5 12 | 12.4
Armour         | 1 10 11 12 | 12.1
Throwing       | 5 11 | 11.2
Staves         | 4 11 | 11.9
Shields        | 3 5 |  5.9
Dodging        | |  2.4

Action                     |  1- 3 |  4- 6 |  7- 9 | 10-12 | 13-15 | 16-18 || total
---------------------------+-------+-------+-------+-------+-------+-------++-------
  Melee: Mace              |   113 |   199 |    87 |       |       |       ||   399
         Flail             |       |       |   136 |       |       |       ||   136
         Demon whip        |       |       |    90 |   694 |  1881 |    50 ||  2715
         Lajatang          |       |       |       |       |       |   940 ||   940
  Throw: Javelin           |       |       |       |       |     4 |    30 ||    34
 Invoke: Heroism           |       |       |     3 |    12 |    10 |    15 ||    40
         Receive Weapon    |       |       |       |       |     1 |       ||     1
         Receive Armour    |       |       |       |       |     1 |       ||     1
         Duel              |       |       |       |       |     1 |     5 ||     6
         Finesse           |       |       |       |       |       |     1 ||     1
  Evoke: Wand              |       |       |       |     4 |     2 |       ||     6
    Use: Scroll            |       |     7 |     7 |     4 |    19 |    12 ||    49
         Potion            |       |       |     2 |     1 |     5 |    14 ||    22
   Stab: Paralysed         |       |       |       |     7 |       |       ||     7
         Petrifying        |       |       |       |     3 |       |       ||     3
         Petrified         |       |       |       |     1 |     2 |       ||     3
         Invisible         |       |       |       |       |     3 |       ||     3
         Distracted        |       |       |       |       |     1 |       ||     1
 Armour: Robe              |    77 |     3 |       |       |       |       ||    80
         Ring mail         |       |   144 |   199 |       |       |       ||   343
         Leather armour    |       |       |    36 |   459 |    97 |       ||   592
         Gold dragon scale |       |       |       |       |  1198 |  1448 ||  2646
         Skin              |       |       |       |       |       |     5 ||     5
  Dodge: Dodged            |    88 |   130 |   178 |   298 |   260 |   332 ||  1286
  Block: Orb               |       |       |       |    36 |   130 |       ||   166
         Kite shield       |       |       |       |       |   856 |    35 ||   891
         Reflection        |       |       |       |       |    50 |     8 ||    58
         Other             |       |       |       |       |       |   249 ||   249

Table legend: (Time is in decaauts)
 A = Elapsed time spent in this place.
 B = Non-inter-level travel time spent in this place.
 C = Inter-level travel time spent in this place.
 D = Time resting spent in this place.
 E = Time spent auto-exploring this place.
 F = Levels seen in this place.
 G = Mean time per level.
                   A        B        C        D        E       F      G
               +--------+--------+--------+--------+--------+-----+--------+
         Total |  38704 |  36141 |   2563 |   9296 |  19744 |  39 |  992.4 |
       Dungeon |  18116 |  16789 |   1327 |   1759 |  12233 |  15 | 1207.7 |
        Temple |      1 |      1 |      0 |      0 |      0 |   1 |    1.0 |
          Lair |   9266 |   8594 |    672 |   2717 |   4416 |   5 | 1853.2 |
         Swamp |   3735 |   3523 |    212 |   1513 |   1288 |   4 |  933.8 |
   Spider Nest |   1007 |    997 |     10 |    631 |     14 |   3 |  335.7 |
  Orcish Mines |   3108 |   2768 |    340 |    679 |   1382 |   2 | 1554.0 |
      Ice Cave |   1459 |   1459 |      0 |    836 |    251 |   1 | 1459.0 |
       Volcano |    445 |    445 |      0 |    177 |    106 |   1 |  445.0 |
      Gauntlet |   1421 |   1421 |      0 |    882 |     53 |   1 | 1421.0 |
         Arena |    142 |    142 |      0 |     99 |      0 |   6 |   23.7 |
               +--------+--------+--------+--------+--------+-----+--------+

Top non-repeatable levels by time:
  Lair:1: 2541 daAuts
  Lair:2: 2193 daAuts
  Lair:5: 2031 daAuts
     D:9: 1820 daAuts
    D:13: 1811 daAuts
    D:14: 1684 daAuts
 Swamp:1: 1665 daAuts
     D:5: 1658 daAuts
   Orc:2: 1576 daAuts
   Orc:1: 1531 daAuts
  Lair:3: 1462 daAuts
   IceCv: 1459 daAuts
    D:10: 1445 daAuts
Gauntlet: 1421 daAuts
     D:7: 1311 daAuts
